 Dungeon Crawl Stone Soup version 0.15-a0-1828-g04ddf54 (webtiles) character file.

97 Moloch the Shooter (level 4, -5/40 HPs)
             Began as a Troll Arcane Marksman on July 2, 2014.
             Killed by divine providence
             ... invoked by an orc priest
              (14 damage)
             ... on Level 3 of the Dungeon.
             The game lasted 00:21:39 (1483 turns).

Moloch the Shooter (Troll Arcane Marksman)          Turns: 1483, Time: 00:21:43

HP  -5/40        AC 10     Str 19      XL: 4   Next: 42%
MP   3/3         EV 10     Int  9      God:
Gold 145         SH  0     Dex 10      Spells:  1 memorised,  4 levels left

rFire  . . .     SeeInvis .     b - +1 shortbow
rCold  . . .     Clarity  .     a - +0 robe
rNeg   . . .     rCorr    .     (shield restricted)
rPois  .         rRot     .     (helmet restricted)
rElec  .         Spirit   .     m - +0 cloak
SustAb .         Warding  .     (gloves unavailable)
rMut   .         Stasis   .     (boots unavailable)
Gourm  +                        (no amulet)
MR     .....                    (no ring)
                                g - +4 ring of protection

@: not resistant to hostile enchantments, very unstealthy
A: unfitting armour, claws 3, fast metabolism 3, gourmand, regeneration 2,
saprovore 2, shaggy fur 1, tough skin 2
a: no special abilities


You were on level 3 of the Dungeon.
You were very hungry.

You visited 1 branch of the dungeon, and saw 3 of its levels.

You collected 145 gold pieces.

Inventory:

Hand weapons
 b - a +1 shortbow (weapon)
 k - a +0 club
 n - a +4 flail of crushing
Missiles
 c - 33 arrows (quivered)
Armour
 a - a +0 robe (worn)
 m - a +0 cloak (worn)
Magical devices
 r - a wand of frost (7)
Comestibles
 f - 2 meat rations
 p - a beef jerky
Scrolls
 o - 2 scrolls of identify
 q - a scroll of remove curse
Jewellery
 g - a +4 ring of protection (left claw)
Potions
 e - 2 potions of brilliance {unknown}
 h - 4 potions of curing {unknown}
 i - a potion of might {unknown}
 j - 2 potions of cure mutation {unknown}
 s - a potion of heal wounds {unknown}
Books
 d - a book of Debilitation

   Spells                             Type                      Level
   *Corona                            Hexes                        1
   Slow                               Hexes                        2
   Inner Flame                        Hexes/Fire                   3
   Enslavement                        Hexes                        4
   Cause Fear                         Hexes                        4
   Leda's Liquefaction                Hexes/Earth                  4


   Skills:
 - Level 0.8 Fighting
 + Level 3.0 Bows
 - Level 1.6 Dodging
 - Level 1.0 Spellcasting
 - Level 2.1 Hexes


You had 4 spell levels left.
You knew the following spells:

 Your Spells              Type           Power        Failure   Level  Hunger
a - Corona                Hex            #......      17%         1    ##.....


Dungeon Overview and Level Annotations

Branches:
Dungeon (3/15)

Altars:

Annotations:
D:3 WhatIsLove's ghost, average FoFi


Innate Abilities, Weirdness & Mutations

You are too large for most types of armour.
You have claws for hands.
Your metabolism is lightning-fast.
You like to eat raw meat.
You heal very quickly.
You can eat rotten meat.
You are covered in fur (AC +1).
You have very tough skin (AC +2).


Message History

Something smites you!
* * * LOW HITPOINT WARNING * * *
WhatIsLove's ghost hits you.
* * * LOW HITPOINT WARNING * * *
The orc hits you but does no damage.
Drink which item? (? for menu, Esc to quit)
You feel refreshed.
It was a potion of restore abilities.
The orc hits you but does no damage. WhatIsLove's ghost barely misses you.
You are too injured to fight recklessly!
Firing (i - inventory):
c - 34 arrows (quivered)
Press: ? - help, Shift-Dir - straight line, f/p - WhatIsLove's ghost
Aim: WhatIsLove's ghost (severely damaged)
You shoot an arrow.
The arrow barely misses WhatIsLove's ghost.
The orc hits you with a short sword.
* * * LOW HITPOINT WARNING * * *
The orc hits you but does no damage.
The orc priest calls down the wrath of Beogh upon you.
Something smites you!
You die... #.###. #.#.# #.# .# # #.# ### #.# ####.#.## #.. #.# # #.......# #.# #.# #%#.#####.# #.# #.# .#.# #.# #.# #.# oo#

#.####.##### #<#
#o# #...........
#.#
#@#####......#####
#.#
#Wo...........# ##
#.#
#############.....
#[# #.....# ###.#
#.# #.###.# .# #.#
#.# #.# (# #.# #.#
#.# ######.# #.#
#.# #.# #..>..(#
#.#####.# #.#
#.######


You could see an orc priest, WhatIsLove's ghost and 3 orcs.

Vanquished Creatures
  Terence (D:3)
  3 adders (D:2)
  A giant mite (D:2)
  3 worms
  A giant gecko (D:1)
  An ooze (D:2)
  4 goblins (D:1)
  A hobgoblin (D:1)
  3 jackals (D:1)
  2 bats
  4 giant cockroaches
  2 giant newts
  2 kobolds
  5 rats
33 creatures vanquished.

Notes
Turn   | Place    | Note
--------------------------------------------------------------
     0 | D:1      | Moloch, the Troll Arcane Marksman, began the quest for the Orb.
     0 | D:1      | Reached XP level 1. HP: 18/18 MP: 2/2
   247 | D:1      | Reached XP level 2. HP: 26/26 MP: 2/2
   708 | D:2      | Reached XP level 3. HP: 32/32 MP: 3/3
   992 | D:2      | Reached XP level 4. HP: 40/40 MP: 3/3
  1303 | D:3      | Noticed Terence
  1348 | D:3      | Killed Terence
  1348 | D:3      | Reached skill level 3 in Bows
  1399 | D:3      | Noticed WhatIsLove's ghost (average FoFi)
  1483 | D:3      | Killed from afar by an orc priest

Action                   |  1- 3 |  4- 6 || total
-------------------------+-------+-------++-------
 Fire: Shortbow          |   128 |    44 ||   172
 Cast: Corona            |     1 |     2 ||     3
Evoke: Wand              |       |     1 ||     1
  Use: Scroll            |     5 |       ||     5
       Potion            |       |     1 ||     1
